 Seeded DCSS version 0.28.0-53-g5a82cb258f (webtiles) character file.

Game seed: 10688209801300926028 (custom seed)

73036 ravioli the Severer (level 15, -4/137 HPs)
             Began as a Hill Orc Fighter on July 12, 2022.
             Was a High Priest of Okawaru.
             Slain by an ettin
             ... wielding a +0 dire flail
              (60 damage)
             ... on level 14 of the Dungeon.
             The game lasted 01:06:39 (47077 turns).

ravioli the Severer (Hill Orc Fighter)             Turns: 47077, Time: 01:06:40

Health: -4/137     AC: 20    Str: 35    XL:     15   Next: 42%
Magic:  21/21      EV: 11    Int:  8    God:    Okawaru [*****.]
Gold:   1047       SH: 24    Dex: 10    Spells: 14/14 levels left

rFire   + + .      SeeInvis .   a - +10 broad axe of Lanuront {elec, rN+}
rCold   . . .      Faith    .   V - +2 tower shield
rNeg    + . .      Spirit   .   X - +0 ring mail of Unreason {rF++}
rPois   .          Reflect  +   Z - +0 helmet of Focus {Str+2}
rElec   .          Harm     .   L - +2 cloak {Will+}
rCorr   .          Rampage  .   (no gloves)
Will    ++...                   p - +2 pair of boots
Stlth   +.........              F - amulet of reflection
HPRegen 0.32/turn               I - +4 ring of protection
MPRegen 0.17/turn               T - +6 ring of strength

@: about to teleport, studying Shields
A: subdued magic 1
a: Renounce Religion, Heroism, Finesse, Duel


You were on level 14 of the Dungeon.
You worshipped Okawaru.
Okawaru was extremely pleased with you.
You visited 4 branches of the dungeon, and saw 23 of its levels.
You visited the Abyss 1 time.

You collected 2694 gold pieces.
You spent 1647 gold pieces at shops.

Inventory:

Hand Weapons
 a - the +10 broad axe of Lanuront (weapon) {elec, rN+}
   (You acquired it on level 2 of the Lair of Beasts)

   It occasionally discharges a powerful burst of electricity upon striking a
   foe.
   rN:        It protects you from negative energy.
 n - the +8 hand axe "Giwk" {vamp, +Blink Dex-3 Stlth+}
   (You found it on level 2 of the Dungeon)

   It occasionally heals its wielder for a portion of the damage dealt when it
   wounds a living foe.
   Dex:       It affects your dexterity (-3).
   +Blink:    It lets you blink.
   Stlth:     It makes you more stealthy.
 S - the +8 broad axe of Seasi {elec, rPois}
   (Okawaru gifted it to you on level 5 of the Lair of Beasts)

   It occasionally discharges a powerful burst of electricity upon striking a
   foe.
   rPois:     It protects you from poison.
 Y - a +2 scimitar of flaming
Missiles
 r - 6 throwing nets (quivered)
Armour
 p - a +2 pair of boots (worn)
 J - +0 acid dragon scales
 L - a +2 cloak of willpower (worn)
 V - a +2 tower shield (worn)
 X - the +0 ring mail of Unreason (worn) {rF++}
   (You bought it in a shop on level 2 of the Orcish Mines)

   rF:        It greatly protects you from fire.
 Z - the +0 helmet of Focus (worn) {Str+2}
   (Okawaru gifted it to you on level 12 of the Dungeon)

   Str:       It affects your strength (+2).
Jewellery
 l - a ring of ice
 C - an amulet of the acrobat
 F - an amulet of reflection (around neck)
 G - an amulet of faith
 I - a +4 ring of protection (left hand)
 O - a +6 ring of strength
 T - a +6 ring of strength (right hand)
Wands
 c - a wand of digging (8)
 h - a wand of flame (9)
 y - a wand of iceblast (20)
 N - a wand of acid (2)
Scrolls
 b - a scroll of acquirement
 d - 3 scrolls of vulnerability
 f - 2 scrolls of fog
 i - 7 scrolls of noise
 k - 4 scrolls of amnesia
 q - 2 scrolls of magic mapping
 s - 3 scrolls of holy word
 t - 2 scrolls of enchant armour
 u - 2 scrolls of enchant weapon
 w - 4 scrolls of teleportation
 D - a scroll of blinking
 H - 2 scrolls of torment
 K - a scroll of identify
 P - 3 scrolls of fear
 Q - 3 scrolls of immolation
Potions
 e - 2 potions of cancellation
 g - a potion of heal wounds
 j - 4 potions of resistance
 m - 5 potions of invisibility
 o - 6 potions of curing
 v - 2 potions of degeneration {unknown}
 x - 3 potions of ambrosia
 z - 3 potions of mutation
 A - 2 potions of lignification
 B - a potion of berserk rage {unknown}
 E - 2 potions of might
 M - 4 potions of haste
 R - 2 potions of attraction {unknown}
Miscellaneous
 U - a phial of floods
 W - a lightning rod (4/4)


   Skills:
 * Level 13.7 Fighting
 + Level 3.7 Long Blades
 - Level 18.9(19.2) Axes
 + Level 5.1(11.7) Maces & Flails
 + Level 11.8 Armour
 + Level 5.8 Dodging
 + Level 3.1 Stealth
 + Level 14.2 Shields
 * Level 9.2 Invocations
 * Level 5.7 Evocations


You had 14 spell levels left.
You didn't know any spells.
Your spell library contained the following spells:

 Spells                   Type           Power      Damage    Failure   Level
 Apportation              Tloc           0%         N/A       89%         1
 Pain                     Necr           0%         1d4       89%         1
 Blink                    Tloc           0%         N/A       96%         2
 Ensorcelled Hibernation  Hex/Ice        0%         N/A       96%         2
 Passwall                 Tmut/Erth      0%         N/A       96%         2
 Static Discharge         Conj/Air       0%         N/A       96%         2
 Sublimation of Blood     Necr           0%         N/A       96%         2
 Dazzling Flash           Conj/Hex       0%         N/A       99%         3
 Ignite Poison            Fire/Tmut/Pois 0%         N/A       99%         3
 Mephitic Cloud           Conj/Pois/Air  0%         N/A       99%         3
 Swiftness                Air            0%         N/A       99%         3
 Vampiric Draining        Necr           0%         2d6       99%         3
 Iskenderun's Mystic Bla  Conj/Tloc      0%         2d3       100%        4
 Petrify                  Tmut/Erth      0%         N/A       100%        4
 Agony                    Necr           0%         N/A       100%        5
 Excruciating Wounds      Necr           0%         N/A       100%        5
 Freezing Cloud           Conj/Ice/Air   0%         6-21      100%        5
 Irradiate                Conj/Tmut      0%         3d14      100%        5
 Lightning Bolt           Conj/Air       0%         1d11      100%        5
 Manifold Assault         Tloc           0%         N/A       100%        5
 Starburst                Conj/Fire      0%         6d3       100%        6
 Storm Form               Tmut/Air       0%         N/A       100%        7
 Maxwell's Capacitive Co  Air            0%         ∞         100%        8
 Animate Skeleton         Necr           Unusable   N/A       N/A         1
 Summon Small Mammal      Summ           Unusable   N/A       N/A         1

Dungeon Overview and Level Annotations

Branches:
Dungeon (14/15)            Temple (1/1) D:7            Lair (6/6) D:11
  Swamp (0/4) Lair:4       Spider (0/4) Lair:2        Slime (0/5) Lair:5
    Orc (2/2) D:12            Elf (0/3) Orc:2
 Vaults: D:13-14

Altars:
Cheibriados
Elyvilon
Fedhas
Makhleb
Nemelex Xobeh
Okawaru
Qazlal
Ru
Zin
The Shining One
Jiyva

Shops:
D:3 ::((   D:5 :   D:7 !   D:10 =*[   Orc:2 (:*[

Portals:
Trove: D:13 (give 2 scrolls of acquirement)

Annotations:
Lair:3 exclusion: oklob plant


Innate Abilities, Weirdness & Mutations

Your spells are a little easier to cast, but a little less powerful.


Message History

No target in view!
You see here a scarf of harm.
You see here a +0 chain mail.
Found a stone staircase leading down.
There is a stone staircase leading down here.
Found a sacrificial altar of Ru.
A basilisk comes into view.
The basilisk hisses angrily.
The basilisk gazes at you. You resist with almost no effort.
You barely miss the basilisk. You block the basilisk's attack.
You slice the basilisk!!
The basilisk is almost dead.
The basilisk gazes at you. You resist with almost no effort.
You chop the basilisk into pieces!!!
You kill the basilisk!
Okawaru accepts your kill.
No target in view!
No target in view!
k - 4 scrolls of amnesia (gained 1)
An ettin and a moth of wrath come into view.
There are monsters nearby!
The ettin shouts in stereo!
The moth of wrath's fur bristles in rage as it notices you.
The moth of wrath goads the ettin on!
The ettin goes berserk!
You hit the ettin.
The ettin is lightly wounded.
You block the ettin's attack.
The ettin hits you with a +0 dire flail!!!
The ettin hits you with a +0 dire flail!!
You block the ettin's attack.
You are too injured to fight recklessly!
You are too injured to fight recklessly!
You are too injured to fight recklessly!
You are too injured to fight recklessly!
As you read the scroll of teleportation, it crumbles to dust.
You feel strangely unstable. You block the ettin's attack. x2
The ettin hits you with a +0 dire flail!!!
You die...

##############
#............#
#..########..#
#..#......#..#
#..#@.....#..#
#..#C####.#..# #..#y#
#.#..# #..#.# #....#
####..#.# #....###
#.....#.# #......##
#.....#.. #.#.....##
#.....######.#......#
#.^.................#


You could see an ettin (berserk) and a moth of wrath.

Vanquished Creatures
  Kirke (D:12)
  2 orc warlords
  A fire dragon (Lair:6)
  Erolcha (D:10)
  12 hydras
  4 two-headed ogres
  A centaur warrior (D:13)
  8 death yaks
  2 orc high priests (Orc:2)
  A swamp dragon (Lair:4)
  5 orc knights
  2 lindwurms (Lair:6)
  6 orc sorcerers
  3 ugly things
  2 deep elf pyromancers (D:13)
  2 cyclopes
  A wolf spider (D:13)
  2 manticores
  21 elephants
  3 black mambas
  5 torpor snails (Lair:6)
  8 cane toads
  2 gargoyles
  2 kobold demonologists (D:13)
  An efreet (D:12)
  6 komodo dragons
  3 rime drakes
  A tengu conjurer (D:13)
  8 hornets
  3 tyrant leeches (Lair:6)
  4 trolls
  9 blink frogs
  4 dream sheep (Lair:2)
  A culicivora (Lair:2)
  2 shadows
  4 wyverns
  Sigmund (D:6)
  A vampire (D:11)
  51 yaks
  3 wraiths
  4 basilisks
  3 hogs (D:11)
  2 humans (D:12)
  Menkaure (D:6)
  2 vampire mosquitoes
  6 wargs
  Edmund (D:4)
  5 acid dragons
  18 water moccasins
  18 orc warriors
  2 ice beasts
  A sky beast (D:8)
  6 ogres
  11 wolves
  7 centaurs
  16 bullfrogs
  2 kobold brigands
  2 gnoll sergeants
  A scorpion (D:4)
  A water moccasin skeleton (D:6)
  24 killer bees
  5 howler monkeys
  3 centaur zombies
  A bullfrog zombie (D:5)
  10 orc priests
  A hound (D:4)
  A jelly (D:6)
  4 gnoll shamans
  7 iguanas
  17 orc wizards
  A scorpion zombie (D:5)
  Natasha (thrice) (D:2)
  3 killer bee zombies
  A hound skeleton (D:5)
  40 gnolls
  2 adders
  A white imp (D:5)
  An ufetubus (D:4)
  2 adder skeletons (D:4)
  2 worms (D:2)
  4 dart slugs
  43 orcs
  5 endoplasms
  10 giant cockroaches
  14 goblins
  3 hobgoblins
  5 jackals
  6 quokkas
  5 ball pythons
  4 bats
  7 frilled lizards
  12 kobolds
  8 rats
563 creatures vanquished.

Vanquished Creatures (others)
  An orc wizard (Orc:2)
  63 fungi
  87 plants
151 creatures vanquished.

Grand Total: 714 creatures vanquished

Notes
Turn   | Place    | Note
-------+----------+-------------------------------------------
     0 | D:1      | ravioli the Hill Orc Fighter began the quest for the Orb.
     0 | D:1      | Reached XP level 1. HP: 19/19 MP: 1/1
   246 | D:1      | Reached XP level 2. HP: 23/26 MP: 2/2
   322 | D:1      | Reached skill level 3 in Axes
   876 | D:1      | Reached XP level 3. HP: 33/33 MP: 3/3
  1364 | D:2      | Identified the +8 hand axe "Giwk" {vamp, +Blink Dex-3
                  | Stlth+}
  1396 | D:2      | Noticed Natasha
  1406 | D:2      | Killed Natasha
  1407 | D:2      | Reached XP level 4. HP: 16/40 MP: 4/4
  1483 | D:2      | Noticed Natasha
  1618 | D:2      | Reached skill level 4 in Axes
  1657 | D:2      | Killed Natasha
  1858 | D:2      | Noticed Natasha
  1869 | D:2      | Killed Natasha
  1870 | D:2      | Reached XP level 5. HP: 43/46 MP: 5/5
  2127 | D:2      | You fall into a shaft and drop 1 floor!
  2127 | D:3      | Found Finlot's Antique Weapon Shop.
  2277 | D:3      | Found Xirad's Weapon Shoppe.
  2377 | D:3      | Noticed a water moccasin
  2392 | D:3      | Reached skill level 5 in Axes
  2435 | D:3      | Killed a water moccasin
  2436 | D:3      | Reached XP level 6. HP: 46/53 MP: 6/6
  2896 | D:3      | Reached skill level 1 in Dodging
  2951 | D:3      | Found Ycrell's Book Boutique.
  2956 | D:3      | Found Nuguinn's Book Emporium.
  3580 | D:4      | Reached skill level 5 in Armour
  3662 | D:4      | Noticed Edmund
  3686 | D:4      | Killed Edmund
  3687 | D:4      | Reached skill level 6 in Axes
  3687 | D:4      | Reached XP level 7. HP: 14/60 MP: 7/7
  4351 | D:4      | Reached skill level 5 in Fighting
  4351 | D:4      | Reached skill level 7 in Axes
  4733 | D:4      | Found a stormy altar of Qazlal.
  4875 | D:5      | Entered Level 5 of the Dungeon
  4875 | D:5      | Found Awigaud's Self-Improvement Boutique.
  5378 | D:5      | Reached skill level 8 in Axes
  5547 | D:5      | Reached XP level 8. HP: 65/68 MP: 8/8
  6085 | D:6      | Reached skill level 9 in Axes
  6502 | D:6      | Noticed Sigmund
  6515 | D:6      | Killed Sigmund
  6516 | D:6      | Reached skill level 10 in Axes
  7113 | D:6      | Noticed Menkaure
  7122 | D:6      | Killed Menkaure
  7231 | D:6      | Reached XP level 9. HP: 67/75 MP: 9/9
  7510 | D:7      | Found Haick's Distillery.
  7526 | D:7      | Bought a potion of heal wounds for 65 gold pieces
  7526 | D:7      | Bought a potion of heal wounds for 65 gold pieces
  7526 | D:7      | Bought a potion of heal wounds for 65 gold pieces
  7546 | D:7      | Found a staircase to the Ecumenical Temple.
  7566 | Temple   | Entered the Ecumenical Temple
  7634 | Temple   | Became a worshipper of Warmaster Okawaru
  7733 | D:7      | Reached skill level 11 in Axes
  8049 | D:7      | Noticed a green ugly thing
  8065 | D:7      | Killed a green ugly thing
  8065 | D:7      | Reached * piety under Okawaru
  8066 | D:7      | Reached skill level 12 in Axes
  9198 | D:7      | Identified a scroll of acquirement
  9485 | D:7      | Reached skill level 1 in Stealth
 10566 | D:8      | Reached ** piety under Okawaru
 10849 | D:8      | Reached skill level 13 in Axes
 10882 | D:8      | Reached XP level 10. HP: 80/86 MP: 10/10
 12825 | D:9      | Reached skill level 5 in Shields
 13114 | D:9      | Paralysed by a hornet for 2 turns
 13127 | D:9      | Paralysed by a hornet for 3 turns
 14110 | D:10     | Entered Level 10 of the Dungeon
 14138 | D:9      | Reached skill level 14 in Axes
 14263 | D:9      | Reached *** piety under Okawaru
 15970 | D:10     | Noticed a gargoyle
 15986 | D:10     | Killed a gargoyle
 16365 | D:10     | Found Pausoero's Jewellery Boutique.
 16420 | D:10     | Found Dotreaw's Armour Shop.
 16430 | D:10     | Noticed Erolcha
 16433 | D:10     | Cast into level 1 of the Abyss (Erolcha)
 16515 | D:10     | Escaped the Abyss
 16528 | D:10     | Killed Erolcha
 16529 | D:10     | Reached XP level 11. HP: 94/94 MP: 9/11
 16674 | D:10     | Found Cos Gym's General Store.
 16683 | D:10     | Bought a scroll of identify for 30 gold pieces
 16902 | D:11     | Reached **** piety under Okawaru
 16983 | D:11     | Noticed a two-headed ogre
 17633 | D:11     | Noticed a five-headed hydra
 17670 | D:11     | Killed a two-headed ogre
 18160 | D:11     | Found a staircase to the Lair.
 18182 | D:11     | Noticed a two-headed ogre
 18198 | D:11     | Killed a two-headed ogre
 18199 | D:11     | Reached skill level 1 in Invocations
 18364 | D:11     | Killed a five-headed hydra
 18365 | D:11     | Reached skill level 1 in Maces & Flails
 18365 | D:11     | Reached skill level 1 in Evocations
 19129 | Lair:1   | Entered Level 1 of the Lair of Beasts
 19151 | Lair:1   | Reached skill level 15 in Axes
 20185 | Lair:1   | Reached ***** piety under Okawaru
 21377 | Lair:2   | Reached XP level 12. HP: 92/104 MP: 14/14
 21454 | Lair:2   | Reached skill level 10 in Armour
 22164 | Lair:2   | Received a gift from Okawaru
 22392 | Lair:2   | Found a sparkling altar of Nemelex Xobeh.
 22401 | Lair:2   | Reached skill level 5 in Invocations
 22432 | Lair:2   | Received a gift from Okawaru
 22539 | Lair:2   | Reached skill level 16 in Axes
 22781 | Lair:2   | Reached skill level 10 in Fighting
 23018 | Lair:2   | Noticed a six-headed hydra
 23555 | Lair:2   | Killed a six-headed hydra
 23670 | Lair:2   | Found a hole to the Spider Nest.
 24148 | Lair:2   | Acquired the +10 broad axe of Lanuront {elec, rN+}
 24357 | Lair:3   | Received a gift from Okawaru
 25523 | Lair:4   | Reached XP level 13. HP: 114/114 MP: 18/18
 25762 | Lair:4   | Reached skill level 17 in Axes
 26157 | Lair:4   | Found a staircase to the Swamp.
 27548 | Lair:5   | Identified the +8 broad axe of Seasi {elec, rPois} (Okawaru
                  | gifted it to you on level 5 of the Lair of Beasts)
 27548 | Lair:5   | Received a gift from Okawaru
 27702 | Lair:5   | Found a staircase to the Slime Pits.
 27703 | Lair:5   | Found a viscous altar of Jiyva.
 27871 | Lair:5   | Reached skill level 18 in Axes
 30214 | D:5      | Bought a manual of Shields for 960 gold pieces
 31237 | D:12     | Reached skill level 5 in Maces & Flails
 31246 | D:12     | Identified the +0 helmet of Focus {Str+2} (Okawaru gifted
                  | it to you on level 12 of the Dungeon)
 31246 | D:12     | Received a gift from Okawaru
 31507 | D:12     | Noticed Kirke
 31526 | D:11     | Reached skill level 10 in Shields
 31874 | D:12     | Found a staircase to the Orcish Mines.
 31895 | Orc:1    | Entered Level 1 of the Orcish Mines
 32436 | D:12     | Killed Kirke
 32437 | D:12     | Reached XP level 14. HP: 111/124 MP: 13/20
 33256 | Orc:2    | Entered Level 2 of the Orcish Mines
 33379 | Orc:2    | Reached skill level 5 in Dodging
 33443 | Orc:2    | Gained mutation: Your spells are a little easier to cast,
                  | but a little less powerful. [a neqoxec]
 34226 | Orc:2    | Noticed an orc warlord
 34537 | D:12     | Killed an orc warlord
 37583 | Orc:2    | Noticed an orc warlord
 37654 | Orc:2    | Killed an orc warlord
 38981 | Orc:2    | Paralysed by an orc sorcerer for 2 turns
 39783 | Orc:2    | Found Juelo's General Store.
 39797 | Orc:2    | Found Peeno's Book Emporium.
 39822 | Orc:2    | Found Mivahagh's Antique Armour Shoppe.
 40046 | Orc:2    | Found Xoidy's Antique Weapon Boutique.
 40070 | Orc:2    | Found a staircase to the Elven Halls.
 40264 | Orc:2    | Bought a heavily runed ring mail for 252 gold pieces
 40264 | Orc:2    | Identified the +0 ring mail of Unreason {rF++} (You bought
                  | it in a shop on level 2 of the Orcish Mines)
 40264 | Orc:2    | Bought a pair of glowing boots for 210 gold pieces
 40534 | Lair:6   | Entered Level 6 of the Lair of Beasts
 41597 | Lair:6   | Reached skill level 5 in Evocations
 41939 | Lair:6   | Reached skill level 1 in Long Blades
 43161 | Lair:6   | Reached XP level 15. HP: 119/134 MP: 19/21
 43823 | Lair:6   | Found a runed translucent door.
 44649 | Lair:6   | Received a gift from Okawaru
 46920 | D:13     | Found a portal to a secret trove of treasure.
 47002 | D:14     | Found a sacrificial altar of Ru.
 47077 | D:14     | Slain by an ettin

Illustrated notes

Levels and vault maps discovered:
D:1:      minmay_arrival_stair_chambers, layout_basic
D:2:      layout_basic, grunt_decor_arrowhead, kennysheep_nondescript,
          minmay_stone_trees_medium, minmay_worlds_worst_comb, uniq_natasha
D:3:      layout_rooms, serial_shops, nicolae_shop_statue_plus,
          nicolae_shop_crystal, shop, nicolae_shop_bloodbath_and_beyond,
          kennysheep_generic_room_9
D:4:      layout_rooms, lemuel_round_altar, uniq_crazy_yiuf_cottage, uniq_edmund
D:5:      layout_loops_ring, minmay_door_square, kennysheep_cross_room,
          eino_small_chamber_without_monster, nicolae_shop_self_help
D:6:      layout_basic, uniq_menkaure, uniq_sigmund
D:7:      layout_basic, minmay_temple_entry_crystal_x, serial_shops, shop,
          grunt_ministairs_11, wad_mini_maze
D:8:      layout_basic, minmay_orc_keep
D:9:      layout_stronghold
D:10:     layout_basic, serial_shops, nicolae_square_shop,
          nicolae_shop_window_shopping, nicolae_lakefront_shop, uniq_erolcha
D:11:     layout_basic, erik_lair_orcish_takeover
D:12:     layout_roguey, orc_0_dummy, uniq_kirke
D:13:     layout_roguey, nicolae_trove_entry_crystal, kb_rosetta
D:14:     layout_rooms, david_vaults_4, nicolae_ru_sacrificial_ziggurat,
          uniq_frances
Temple:   mainiacjoe_temple_hex_bubbles
Lair:1:   layout_misc_corridors, serial_bayou_pond_e
Lair:2:   layout_regular_city, spider_nest_entry_rubble, basic_altar,
          nicolae_lair_grove_arrangements, minmay_holes
Lair:3:   minmay_lair_oklob_tunnel, layout_layer_cave
Lair:4:   layout_regular_city, minmay_swamp_entry_reptiles,
          chequers_serial_rivers_micro_c, grunt_megastairs_1
Lair:5:   layout_roguey, slime_altar_1, grunt_megastairs_5
Lair:6:   wormcave, layout_loops_ring
Orc:1:    layout_caves
Orc:2:    grunt_orc_gardens, layout_caves, grunt_orc_garden, grunt_orc_garden,
          grunt_orc_garden, grunt_orc_garden

Skill      XL: |  1  2  3  4  5  6  7  8  9 10 11 12 13 14 15 |
---------------+----------------------------------------------+-----
Axes           | 3 4 5 6 8 10 13 14 15 16 18 | 18.9
Fighting       | 4 5 6 7 8 9 10 11 12 13 | 13.7
Armour         | 4 5 6 7 9 10 11 | 11.8
Dodging        | 1 2 3 4 5 |  5.8
Shields        | 4 7 8 9 10 13 14 | 14.2
Stealth        | 1 2 3 |  3.1
Invocations    | 3 6 8 9 |  9.2
Maces & Flails | 3 5 |  5.1
Evocations     | 1 2 5 |  5.7
Long Blades    | 3 |  3.7

Action                   |  1- 3 |  4- 6 |  7- 9 | 10-12 | 13-15 || total
-------------------------+-------+-------+-------+-------+-------++-------
Melee: War axe           |    95 |    14 |       |       |       ||   109
       Hand axe          |       |   119 |   344 |   588 |   440 ||  1491
       Morningstar       |       |       |       |    27 |    35 ||    62
       Broad axe         |       |       |       |    47 |   400 ||   447
       Scimitar          |       |       |       |       |    61 ||    61
Invok: Heroism           |       |       |     1 |     8 |    16 ||    25
       Finesse           |       |       |       |     2 |    14 ||    16
 Abil: Evoke Blink       |       |       |       |       |     1 ||     1
Evoke: Wand              |       |       |     2 |     9 |     1 ||    12
       Lightning rod     |       |       |       |       |     1 ||     1
  Use: Potion            |       |     3 |     1 |     4 |     5 ||    13
       Scroll            |       |     1 |     8 |    10 |    11 ||    30
 Stab: Sleeping          |       |       |       |     1 |       ||     1
Armor: Scale mail        |    57 |    44 |    89 |   172 |   135 ||   497
       Ring mail         |       |       |       |       |   104 ||   104
Dodge: Dodged            |    34 |    45 |   105 |   169 |   206 ||   559
Block: Buckler           |    12 |    23 |    68 |    55 |       ||   158
       Reflection        |       |       |     1 |     6 |    25 ||    32
       Kite shield       |       |       |       |   336 |   367 ||   703
       Tower shield      |       |       |       |       |   348 ||   348
